AoeStats
← [SCP] Draper

Arabia

509521669Analyzed
3v3 RM · 4d ago on Sep 27, 2026· 55m 55s· 6 players
Game mode
Random Map
Map size
Normal (6 player)
Population
200
Speed
Normal
Resources
Standard
Victory
Conquest
Starting age
Dark Age
Ending age
Imperial Age
RankedLock teamsTeams togetherTeam positionsShared explorationLock speedFull tech treeHidden civsTurbo modeCheats
Victory
Defeat
🇦🇷 Malay · Argentina
1391
+15
🇫🇷 Saxons · France
1362
+16
🇮🇪 Gurjaras · Ireland
1358
+16
🇲🇽 Maya · Mexico
1391
-17
🇲🇽 Franks · Mexico
1364
-16
🇲🇽 Vietnamese · Mexico
1316
-14
[SCP] Draper
7:15 Loom
10:14 Feudal Age
11:23 Double-Bit Axe
13:42 Fletching
26:38 Horse Collar
31:10 Castle Age
30:36 Padded Archer Armor
31:14 Crossbowman
32:37 Bodkin Arrow
34:14 Thumb Ring
36:19 Ballistics
Dr. Sky
0:28 Loom
9:22 Feudal Age
10:06 Double-Bit Axe
15:15 Fletching
18:19 Wheelbarrow
19:37 Gold Mining
20:56 Padded Archer Armor
24:53 Castle Age
25:31 Bodkin Arrow
24:57 Crossbowman
26:22 Horse Collar
27:53 Ballistics
30:56 Leather Archer Armor
32:03 Town Watch
33:11 Thumb Ring
49:52 Imperial Age
48:41 Scale Mail Armor
48:03 Eagle Warrior
50:08 Chain Mail Armor
51:40 Chemistry
51:00 Bracer
52:07 Arbalester
[SCP] SkaZi
5:50 Loom
8:29 Feudal Age
10:05 Double-Bit Axe
20:52 Castle Age
19:40 Gold Mining
19:59 Scale Barding Armor
21:05 Forging
20:57 Light Cavalry
22:01 Chain Barding Armor
27:29 Bow Saw
29:09 Iron Casting
35:08 Fletching
36:45 Wheelbarrow
35:56 Town Watch
37:08 Gold Shaft Mining
36:31 Bodkin Arrow
37:50 Hand Cart
40:35 Husbandry
47:47 Imperial Age
47:52 Cavalier
49:12 Plate Barding Armor
52:47 Stone Mining
54:04 Blast Furnace
54:18 Squires
54:20 Padded Archer Armor
54:21 Scale Mail Armor
EweRwoRld
4:39 Loom
5:19 Loom
10:25 Feudal Age
11:25 Double-Bit Axe
18:11 Horse Collar
22:22 Wheelbarrow
25:15 Scale Mail Armor
25:20 Scale Barding Armor
25:26 Forging
25:48 Gold Mining
28:38 Castle Age
28:23 Wheelbarrow
28:07 Bloodlines
28:48 Light Cavalry
29:28 Husbandry
31:24 Iron Casting
37:01 Hand Cart
37:33 Chain Barding Armor
42:05 Bow Saw
41:57 Heavy Plow
47:41 Imperial Age
46:59 Town Watch
47:02 Treadmill Crane
47:32 Masonry
47:45 Ballistics
47:20 Murder Holes
47:42 Fortified Wall
47:45 Hussar
49:22 Plate Barding Armor
50:14 Crop Rotation
50:22 Gold Shaft Mining
49:37 Stone Mining
49:52 Heavy Camel Rider
52:53 Caravan
54:25 Chemistry
53:56 Architecture
Dedpool_Aoe
7:29 Loom
9:31 Feudal Age
14:38 Fletching
16:34 Padded Archer Armor
25:06 Castle Age
25:51 Bodkin Arrow
26:55 Double-Bit Axe
28:09 Bow Saw
28:28 Leather Archer Armor
28:41 Bloodlines
28:32 Husbandry
28:17 Crossbowman
30:05 Ballistics
32:35 Thumb Ring
43:04 Horse Collar
47:05 Imperial Age
45:17 Wheelbarrow
48:20 Coinage
48:45 Bracer
49:50 Chemistry
49:37 Hand Cart
50:20 Banking
51:48 Elite Varangian Guard
52:33 Arson
52:51 Scale Mail Armor
52:27 Shield Wall
53:31 Conscription
55:19 Chain Mail Armor
55:18 Forging
Golozo
9:18 Loom
11:11 Feudal Age
14:27 Double-Bit Axe
16:45 Castle Age
23:06 Scale Barding Armor
23:40 Husbandry
24:42 Fletching
25:46 Bow Saw
32:33 Wheelbarrow
35:01 Hand Cart
39:13 Forging
42:20 Bodkin Arrow
43:01 Iron Casting
44:04 Padded Archer Armor
44:02 Elite Skirmisher
45:06 Gold Mining
47:47 Imperial Age
46:05 Leather Archer Armor
47:16 Ballistics
47:22 Bracer
48:27 Chemistry
48:38 Conscription
48:43 Town Watch
50:03 Blast Furnace
49:39 Elite Battle Elephant
53:22 Forced Levy
54:36 Caravan
55:06 Man-at-Arms
55:46 Squires
Connection lost

Rejoining the realm…

Still unreachable

The connection could not be restored.

Session expired

The server has moved on; the page needs a fresh start.